 Dungeon Crawl Stone Soup version 0.30-a0-845-g7c6808c8ce (webtiles) character file.

Game seed: 939736601086008374

107 cforsyth the Sneak (level 5, -2/32 HPs)
             Began as a Kobold Brigand on Mar 2, 2023.
             Killed by divine providence
             ... invoked by an orc priest
              (12 damage)
             ... on level 3 of the Dungeon.
             The game lasted 00:01:44 (1641 turns).

cforsyth the Sneak (Kobold Brigand)                 Turns: 1641, Time: 00:01:45

Health: -2/32      AC:  3    Str:  9    XL:     5   Next: 11%
Magic:  5/5        EV: 15    Int: 12    God:
Gold:   84         SH:  0    Dex: 18    Spells: 4/4 levels left

rFire   . . .      SeeInvis .    q - +4 dagger (venom)
rCold   + . .      Faith    .    (no shield)
rNeg    . . .      Spirit   .    b - +0 robe
rPois   .          Reflect  .    (no helmet)
rElec   .          Rampage  .    c - +0 cloak
rCorr   .                        (no gloves)
Will    .....                    (no boots)
Stlth   ++++                     (no amulet)
HPRegen 0.25/turn                n - ring of protection from cold
MPRegen 0.09/turn                (no ring)

@: no status effects
A: small, no large weapons, nightstalker 3
a: no special abilities


You were on level 3 of the Dungeon.
You visited 1 branch of the dungeon, and saw 3 of its levels.

You collected 84 gold pieces.

Inventory:

Hand Weapons
 a - a +2 dagger
 j - a +2 dagger of holy wrath
 q - a +4 dagger of venom (weapon)
Missiles
 d - 9 poisoned darts (quivered)
 e - 3 curare-tipped darts
Armour
 b - a +0 robe (worn)
 c - a +0 cloak (worn)
Jewellery
 n - a ring of protection from cold (left hand)
Scrolls
 f - 3 scrolls of identify {unknown}
 g - a scroll of vulnerability {unknown}
 i - a scroll of fog {unknown}
 k - a scroll of torment {unknown}
 l - a scroll of poison {unknown}
 p - a scroll of enchant armour {unknown}
 r - 2 scrolls of immolation {unknown}
Potions
 h - 2 potions of curing {unknown}
 m - a potion of lignification {unknown}
 o - a potion of attraction {unknown}


   Skills:
 + Level 3.2 Fighting
 + Level 3.9 Short Blades
 - Level 2.1 Throwing
 + Level 2.9 Dodging
 + Level 6.2 Stealth


You had 4 spell levels left.
You didn't know any spells.
Your spell library contained the following spells:

 Spells                   Type           Power      Damage    Failure   Level
 Ensorcelled Hibernation  Hex/Ice        0%         N/A       45%         2
 Spider Form              Tmut/Pois      0%         N/A       69%         3
 Anguish                  Hex/Necr       0%         N/A       97%         4


Dungeon Overview and Level Annotations

Branches:
Dungeon (3/15)

Altars:


Innate Abilities, Weirdness & Mutations

You are small and have problems with some larger weapons.
You are completely attuned to the shadows.


Message History

The orc wizard is almost dead.
You kill the orc wizard!
Your Stealth skill increases to level 6!
You hit the orc priest.
The orc priest is poisoned.
The orc priest is moderately wounded.
The orc priest closely misses you.
The orc priest invokes the aid of Beogh against you.
Beogh smites you!
You hit the orc priest but do no damage.
The orc priest looks as sick as possible!
The orc priest is heavily wounded.
The orc priest barely misses you.
You closely miss the orc priest. You punch the orc priest.
You kill the orc priest!
You have reached level 5!
You feel stronger.
Unknown command.
The orc priest invokes the aid of Beogh against you.
You barely resist.
Items here: )) [[.
You closely miss the orc priest.
The orc priest looks braver for a moment.
You completely miss the orc priest.
The orc priest miscasts a cantrip.
You hit the orc priest but do no damage.
The orc priest calls down the wrath of Beogh upon you.
Pain shoots through your body!
You hit the orc priest.
The orc priest is moderately wounded.
The orc priest hits you with a +0 dagger.
You barely miss the orc priest.
The orc priest is moderately wounded.
The orc priest begins to cast a cantrip, but forgets the words!
You hit the orc priest.
The orc priest is moderately wounded.
You barely miss the orc priest.
The orc priest is moderately wounded.
The orc priest calls down the wrath of Beogh upon you.
Beogh smites you!
You die...

### #.# #o# #o# #@#
## #.# ...#.#
######## ...#.##
#....... ......#
#####.... ......###
#......#. .........
#......#. .....###.
#......#.
.....###.########.##.


You could see an orc priest and an orc.

Vanquished Creatures
  An orc priest (D:3)
  An orc wizard (D:3)
  An adder (D:2)
  6 bats
  7 endoplasms
  2 giant cockroaches (D:1)
  2 hobgoblins
  4 jackals (D:2)
  A quokka (D:2)
  4 ball pythons
  5 frilled lizards
  3 goblins (D:1)
  5 kobolds
  4 rats
46 creatures vanquished.

Notes
Turn   | Place    | Note
-------+----------+-------------------------------------------
     0 | D:1      | cforsyth the Kobold Brigand began the quest for the Orb.
     0 | D:1      | Reached XP level 1. HP: 12/12 MP: 1/1
   240 | D:1      | Reached XP level 2. HP: 18/18 MP: 2/2
   945 | D:2      | Reached XP level 3. HP: 21/22 MP: 3/3
  1292 | D:2      | Reached XP level 4. HP: 25/27 MP: 4/4
  1631 | D:3      | Reached skill level 6 in Stealth
  1634 | D:3      | Reached XP level 5. HP: 18/32 MP: 5/5
  1641 | D:3      | Killed from afar by an orc priest

Illustrated notes

Levels and vault maps discovered:
D:1:      mushboom_english_gardens, layout_basic, nrook_campfire,
          nicolae_concentric_dashed_squares_wild
D:2:      layout_basic, feat_on_display
D:3:      layout_basic, nemelex_dance_club_becter, basic_ecumenical_altar

Skill      XL: |  1  2  3  4 |
---------------+-------------+-----
Short Blades   | 3 |  3.9
Dodging        | 2 |  2.9
Fighting       | 3 |  3.2
Stealth        | 6 |  6.2
Throwing       | |  2.1

Action                     |  1- 3 |  4- 6 || total
---------------------------+-------+-------++-------
  Melee: Dagger            |   125 |    21 ||   146
         Punch             |       |     1 ||     1
   Stab: Sleeping          |    13 |     7 ||    20
 Armour: Robe              |    33 |       ||    33
  Dodge: Dodged            |    84 |     6 ||    90

Table legend: (Time is in decaauts)
 A = Elapsed time spent in this place.
 B = Non-inter-level travel time spent in this place.
 C = Inter-level travel time spent in this place.
 D = Time resting spent in this place.
 E = Time spent auto-exploring this place.
 F = Levels seen in this place.
 G = Mean time per level.
                   A        B        C        D        E       F      G
               +--------+--------+--------+--------+--------+-----+--------+
         Total |   1616 |   1556 |     60 |      0 |   1249 |   3 |  538.7 |
       Dungeon |   1616 |   1556 |     60 |      0 |   1249 |   3 |  538.7 |
               +--------+--------+--------+--------+--------+-----+--------+

Top non-repeatable levels by time:
     D:1: 911 daAuts
     D:2: 579 daAuts
     D:3: 125 daAuts
